 Dungeon Crawl Stone Soup version 0.21-a0-260-g9b2435e (webtiles) character file.

473 Pnyx the Sneak (level 6, -3/28 HPs)
             Began as a Spriggan Enchanter on Sept 7, 2017.
             Killed from afar by Pnyx's ghost (15 damage)
             ... with a spray of energy
             ... on level 5 of the Dungeon.
             The game lasted 00:14:29 (6326 turns).

Pnyx the Sneak (Spriggan Enchanter)                 Turns: 6326, Time: 00:14:30

Health: -3/28      AC:  3    Str:  5    XL:     6   Next: 84%
Magic:  11/14      EV: 18    Int: 17    God:
Gold:   207        SH:  0    Dex: 17    Spells: 3/15 levels left

rFire    . . .     SeeInvis +   h - +2 dagger (vamp)
rCold    . . .     Gourm    .   (shield restricted)
rNeg     . . .     Faith    .   b - +0 robe
rPois    .         Spirit   .   (helmet restricted)
rElec    .         Reflect  .   p - +0 cloak
rCorr    .         Harm     .   (gloves unavailable)
MR       +....                  (boots unavailable)
Stlth    ++........             (no amulet)
HPRegen  0.09/turn              (no ring)
MPRegen  0.14/turn              (no ring)

@: very slightly contaminated, glowing, very quick
A: unfitting armour, see invisible, herbivore 3, speed 3, slow metabolism 2
a: no special abilities


You were on level 5 of the Dungeon.
You were not hungry.

You visited 1 branch of the dungeon, and saw 5 of its levels.

You collected 207 gold pieces.

Inventory:

Hand Weapons
 a - a +1 dagger
 h - a +2 vampiric dagger (weapon)
Armour
 b - a +0 robe (worn)
 p - a +0 cloak (worn)
Jewellery
 g - an uncursed ring of fire
Wands
 q - a wand of enslavement (15/24)
Scrolls
 r - a scroll of remove curse
Potions
 c - a potion of mutation {unknown}
 f - a potion of resistance
 i - a potion of flight
 j - a potion of curing
 k - a potion of agility {unknown}
 m - a potion of might {unknown}
 n - a potion of invisibility {unknown}
 o - a potion of magic
 s - a potion of degeneration {unknown}
 v - a potion of heal wounds {unknown}
Comestibles
 d - 2 bread rations
 t - a fruit
 u - a royal jelly


   Skills:
 - Level 1.1 Short Blades
 - Level 3.0 Dodging
 + Level 7.9 Stealth
 - Level 5.2 Spellcasting
 - Level 6.4 Hexes


You had 3 spell levels left.
You knew the following spells:

 Your Spells              Type           Power        Failure   Level  Hunger
a - Ensorcelled Hibernat  Hex/Ice        ###...       5%          2    #......
b - Corona                Hex            ####...      1%          1    None
c - Confuse               Hex            ####....     3%          3    ###....
d - Tukima's Dance        Hex            ####....     3%          3    ###....
e - Dazzling Spray        Conj/Hex       ###...       11%         3    ###....


Dungeon Overview and Level Annotations

Branches:
Dungeon (5/15)
 Temple: D:4-7

Altars:
Qazlal

Annotations:
D:5 Pnyx's ghost, novice SpEn


Innate Abilities, Weirdness & Mutations

You are very small and have problems with some larger weapons.
You are too small for most types of armour.
You have supernaturally acute eyesight. (SInv)
You are a herbivore.
You cover ground extremely quickly.
You need consume almost no food.


Message History

You are very lightly contaminated with residual magic.
Your skin glows momentarily.
Pnyx's ghost hits you.
Casting: Dazzling Spray
Confirm with . or Enter, or press ? or * to list all spells.
Aiming: Dazzling Spray
Press: ? - help, Shift-Dir - straight line, f/p - Pnyx's ghost
Aim: Pnyx's ghost, wielding a weapon of speed (severely damaged)
You miscast Dazzling Spray.
Your skin glows momentarily.
Pnyx's ghost hits you but does no damage.
Magic courses through your body. Pnyx's ghost misses you.
Casting: Dazzling Spray
Confirm with . or Enter, or press ? or * to list all spells.
Aiming: Dazzling Spray
Press: ? - help, Shift-Dir - straight line, f/p - Pnyx's ghost
Aim: Pnyx's ghost, wielding a weapon of speed (severely damaged)
The spray of energy misses Pnyx's ghost.
Pnyx's ghost casts a spell at you. The spray of energy hits you!
Ouch! That really hurt!
You die...

...# .#.## # ....#..
.#....# .....## .......
##W#..# ####@.!.#
#....####### ######
......##.#....(##.....##
..######...............##
......................#
###...................#
#..#.................#
#..##.................#
### ##########.........


You could see Pnyx's ghost.

Vanquished Creatures
  A sky beast (D:5)
  The ghost of WhatIsLove the Firebug, an amateur DEFE (D:4)
  Crazy Yiuf (D:2)
  2 hounds
  A worker ant (D:5)
  A hound skeleton (D:4)
  3 adders
  5 gnolls
  5 oozes
  An adder zombie (D:5)
  4 worms
  A dart slug (D:2)
  A leopard gecko (D:1)
  3 orcs (D:4)
  7 bats
  4 giant cockroaches
  13 goblins
  7 hobgoblins
  8 kobolds
  A quokka (D:3)
  2 ball pythons
  6 frilled lizards
  A giant cockroach zombie (D:5)
  10 rats
89 creatures vanquished.

Vanquished Creatures (collateral kills)
  A gnoll (D:4)
1 creature vanquished.

Vanquished Creatures (others)
  2 dancing weapons (D:4)
2 creatures vanquished.

Grand Total: 92 creatures vanquished

Notes
Turn   | Place    | Note
-------+----------+-------------------------------------------
     0 | D:1      | Pnyx the Spriggan Enchanter began the quest for the Orb.
     0 | D:1      | Reached XP level 1. HP: 9/9 MP: 5/5
    87 | D:1      | Reached XP level 2. HP: 8/13 MP: 2/7
    95 | D:2      | Learned a level 2 spell: Ensorcelled Hibernation
  1254 | D:1      | Reached XP level 3. HP: 16/16 MP: 9/9
  1287 | D:1      | Learned a level 3 spell: Confuse
  1291 | D:1      | Learned a level 3 spell: Tukima's Dance
  1869 | D:2      | Reached skill level 5 in Hexes
  2082 | D:2      | Reached XP level 4. HP: 21/21 MP: 6/11
  2727 | D:2      | Found a faded altar of an unknown god.
  2839 | D:2      | Found a runed door.
  3081 | D:2      | Noticed Crazy Yiuf
  3091 | D:2      | Killed Crazy Yiuf
  3091 | D:2      | Reached XP level 5. HP: 16/24 MP: 9/13
  3453 | D:3      | Learned a level 3 spell: Dazzling Spray
  4320 | D:4      | Noticed WhatIsLove's ghost (amateur DEFE)
  4354 | D:4      | Killed WhatIsLove's ghost
  4354 | D:4      | Reached skill level 5 in Spellcasting
  4598 | D:5      | Entered Level 5 of the Dungeon
  5171 | D:4      | Reached skill level 5 in Stealth
  5171 | D:4      | Reached XP level 6. HP: 28/28 MP: 11/14
  5956 | D:5      | Found a stormy altar of Qazlal.
  5960 | D:5      | Noticed a sky beast
  5980 | D:5      | Killed a sky beast
  5980 | D:5      | Reached skill level 7 in Stealth
  6262 | D:5      | Noticed Pnyx's ghost (novice SpEn)
  6326 | D:5      | Killed from afar by Pnyx's ghost

Vault maps used:
D:1:      matt_arrival_los_fun, minmay_misc_feat_plants
D:2:      chequers_ecumenical_altar_grove, uniq_crazy_yiuf_cottage
D:3:      serial_bayou_crossing
D:4:      first_bread
D:5:      nicolae_overflow_hidden_temple, zin_treasury, serial_glass,
          glass_columns_c, glass_columns_b, kennysheep_generic_room_7, uniq_ijyb

Skill      XL: |  1  2  3  4  5  6 |
---------------+-------------------+-----
Spellcasting   | 3 4 5 |  5.2
Hexes          | 4 5 6 |  6.4
Stealth        | 5 7 |  7.9
Short Blades   | |  1.1
Dodging        | |  3.0

Action                   |  1- 3 |  4- 6 || total
-------------------------+-------+-------++-------
Melee: Dagger            |   111 |   220 ||   331
 Cast: Corona            |     4 |     6 ||    10
       Ensorcelled Hiber |    21 |    32 ||    53
       Confuse           |     1 |    20 ||    21
       Tukima's Dance    |       |     3 ||     3
       Dazzling Spray    |       |     3 ||     3
  Use: Scroll            |     2 |     9 ||    11
       Potion            |       |     6 ||     6
 Stab: Sleeping          |    17 |    36 ||    53
       Confused          |       |     7 ||     7
  Eat: Bread ration      |     1 |       ||     1
       Fruit             |       |     4 ||     4
       Royal jelly       |       |     1 ||     1
Armor: Robe              |    12 |    25 ||    37
       Skin              |       |    27 ||    27
Dodge: Dodged            |   114 |   125 ||   239

Table legend:
 A = Spawn XP
 B = Non-spawn XP
 C = Spawn XP percentage of total XP
 D = Spawn monster count
 E = Non-spawn monster count
 F = Spawn count percentage of total count
 G = Total turns spent on level
                    A         B        C        D         E        F      G
               +---------+---------+-------+---------+---------+-------+---------
         Total |       0 |     677 |   0.0 |       0 |      90 |   0.0 |  6326
               +---------+---------+-------+---------+---------+-------+---------
           D:1 |       0 |      59 |   0.0 |       0 |      28 |   0.0 |  1784
           D:2 |       0 |     139 |   0.0 |       0 |      32 |   0.0 |  1422
           D:3 |       0 |      45 |   0.0 |       0 |      12 |   0.0 |  1079
           D:4 |       0 |     201 |   0.0 |       0 |      11 |   0.0 |  1652
           D:5 |       0 |     233 |   0.0 |       0 |       7 |   0.0 |   389
               +---------+---------+-------+---------+---------+-------+---------
